 Dungeon Crawl Stone Soup version 0.31-a0-187-gba352fbbf7 (webtiles) character file.

Game seed: 3719640279777026762

43 qw the Shooter (level 3, 0/20 HPs)
             Began as a Deep Elf Hunter on June 22, 2023.
             Succumbed to their own poison gas
             ... on level 2 of the Dungeon.
             The game lasted 00:00:31 (1324 turns).

qw the Shooter (Deep Elf Hunter)                    Turns: 1324, Time: 00:00:31

Health: 0/20       AC:  5    Str: 10    XL:     3   Next: 37%
Magic:  5/5        EV: 11    Int: 13    God:
Gold:   77         SH:  0    Dex: 18    Spells: 2/2 levels left

rFire   . . .        Y - +0 shortbow
rCold   . . .        (shield currently unavailable)
rNeg    . . .        a - +0 ring mail
rPois   .            (no helmet)
rElec   .            (no cloak)
rCorr   .            (no gloves)
SInv    .            (no boots)
Will    .....        (no amulet)
Stlth   +            (no ring)
HPRegen 0.23/turn    (no ring)
MPRegen 0.09/turn

%: no passive effects
@: lethally poisoned (0 -> -1)
A: no striking features
a: no special abilities


You were on level 2 of the Dungeon.
You visited 1 branch of the dungeon, and saw 4 of its levels.

You collected 77 gold pieces.


   Skills:
 - Level 1.5 Fighting
 + Level 6.9 Ranged Weapons
 - Level 2.4 Dodging
 - Level 1.2 Stealth


You had 2 spell levels left.
You didn't know any spells.
Your spell library was empty.

Inventory:

Hand Weapons
 Y - a +0 shortbow (weapon)
Armour
 a - a +0 ring mail (worn)
Scrolls
 h - a scroll of identify
 j - a scroll of teleportation
Potions
 d - a potion of mutation {unknown}
 f - a potion of curing {unknown}
 g - a potion of enlightenment
 i - a potion of heal wounds {unknown}

Dungeon Overview and Level Annotations

Branches:
Dungeon (4/15)
 Temple: D:4-7

Altars:


Message History

Enter note: Done exploring.
1315 ||| READING scroll labelled FEUHOD GOPP.
The air fills with toxic fumes!
As you read the scroll labelled FEUHOD GOPP, it crumbles to dust.
It was a scroll of poison.
Done exploring.
(D) Dungeon
Where to? (* - list waypoints, Enter - D:2, ? - help)
What level of the Dungeon? (default 1, ? - help) Sorry, I don't know how to get there.
Enter note:
Enter note:
Enter note:
Enter note:
Enter note:
Enter note:
Enter note:
Enter note:
Enter note:
Enter note: Really walk into that cloud of poison gas?
You are engulfed in poison gas.
You are poisoned.
You feel very sick.
1317 ||| Stepping ~*~*~tactically~*~*~ (cloud).
You feel sick.
There is a lethal amount of poison in your body!
You feel sick.
There is a lethal amount of poison in your body!
You feel sick.
There is a lethal amount of poison in your body!
You feel sick.
There is a lethal amount of poison in your body!
You feel sick.
There is a lethal amount of poison in your body!
You feel sick.
There is a lethal amount of poison in your body!
You feel sick.
There is a lethal amount of poison in your body!
You die...

....##...#.# #.# #.###
...........###.# #...#
...............####.###
#######.#######.....#
........# #.#####
..####..#######.#
..#.............#
..#.##.#.#########
..#..#...000¤0¤¤@#
....####.#######0#
..#.# #.# #0#
....####.# #¤#
.........#######0#
...............#0#
....#...........¤#
.#..###.####.#####
....# #.# #.###.#


There were no monsters in sight!

Vanquished Creatures
  3 orcs (D:4)
  9 ball pythons
  A bat (D:1)
  3 endoplasms
  2 giant cockroaches
  3 hobgoblins
  4 kobolds
  A quokka (D:1)
  4 frilled lizards
  3 goblins (D:1)
  4 rats
37 creatures vanquished.

Notes
Turn   | Place    | Note
-------+----------+-------------------------------------------
     0 | D:1      | qw the Deep Elf Hunter began the quest for the Orb.
     0 | D:1      | Reached XP level 1. HP: 12/12 MP: 3/3
     0 | D:1      | 0 ||| qw: Version: 0.3-a-9-g12657ce
     0 | D:1      | 0 ||| qw: Game counter: 2568
     0 | D:1      | 0 ||| qw: Always use a shield: true
     0 | D:1      | 0 ||| qw: God list: Okawaru
     0 | D:1      | 0 ||| qw: Allow faded altars: false
     0 | D:1      | 0 ||| qw: Do Orc after D:15 true
     0 | D:1      | 0 ||| qw: Do second Lair branch before Depths: true
     0 | D:1      | 0 ||| qw: Lair rune preference: random
     0 | D:1      | 0 ||| qw: Plans: Normal
     0 | D:1      | 0 ||| PLANNING D:1-11
   102 | D:1      | Reached XP level 2. HP: 16/16 MP: 4/4
   117 | D:1      | Reached skill level 6 in Ranged Weapons
   230 | D:1      | 230 ||| FLEEEEING.
   486 | D:1      | 486 ||| READING scroll labelled NUTSIC PAMUFU.
   490 | D:1      | 490 ||| READING scroll labelled EJOJO JYLEOF.
   491 | D:1      | 491 ||| READING 2 scrolls labelled DIKERO ZUUN.
   492 | D:1      | 492 ||| DRINKING 2 murky amethyst potions.
   493 | D:1      | 493 ||| DROPPING scroll of butterflies.
   768 | D:2      | You fall into a shaft and drop 2 floors!
   775 | D:4      | Reached XP level 3. HP: 20/20 MP: 5/5
   812 | D:4      | 812 ||| UPGRADING to +0 ring mail.
   822 | D:4      | 822 ||| DROPPING +0 leather armour.
   823 | D:4      | 823 ||| READING scroll labelled KUEZYE WITISHRU.
   824 | D:4      | 824 ||| READING 2 scrolls of identify.
   824 | D:4      | 824 ||| IDENTIFYING pink potion
   825 | D:4      | 825 ||| DROPPING potion of attraction.
   882 | D:3      | 882 ||| READING scroll labelled XEMUARCH DEMIF.
  1315 | D:2      | 1315 ||| READING scroll labelled FEUHOD GOPP.
  1317 | D:2      | 1317 ||| Stepping ~*~*~tactically~*~*~ (cloud).
  1319 | D:2      | HP: 4/20 [poisoned by you (poison gas)]
  1323 | D:2      | HP: 1/20 [poisoned by you (poison gas)]
  1324 | D:2      | Succumbed to their own poison gas

Levels and vault maps discovered:
D:1:      dpeg_arrival_rooms_c, layout_rooms, hangedman_decor_clover_reticule,
          minmay_misc_feat_ornament, minmay_shallow_snake_nest
D:2:      layout_basic
D:3:      layout_basic, shapermc_ecumenical_altar_petra
D:4:      dreamdust_elfheim, layout_loops_ring, minitemple, st_stairs_8,
          guppyfry_shop_venom

Skill      XL: |  1  2 |
---------------+-------+-----
Ranged Weapons | 6 |  6.9
Fighting       | |  1.5
Dodging        | |  2.4
Stealth        | |  1.2

Action                     || total
---------------------------++-------
   Fire: Shortbow          ||    88
    Use: Scroll            ||     7
         Potion            ||     1
 Armour: Leather armour    ||     3
  Dodge: Dodged            ||    15

Table legend:
 A = Non-vault XP
 B = Vault XP
 C = Vault XP percentage of total XP
 D = Non-vault monster count
 E = Vault monster count
 F = Vault count percentage of total count
                 A         B        C        D         E       F
            +---------+---------+-------+---------+---------+-------
      Total |      60 |       2 |   3.2 |      36 |       1 |   2.7
            +---------+---------+-------+---------+---------+-------
        D:1 |      36 |       2 |   5.3 |      24 |       1 |   4.0
        D:2 |       6 |       0 |   0.0 |       4 |       0 |   0.0
        D:3 |       5 |       0 |   0.0 |       3 |       0 |   0.0
        D:4 |      13 |       0 |   0.0 |       5 |       0 |   0.0
            +---------+---------+-------+---------+---------+-------
